 Dungeon Crawl Stone Soup version 0.29-a0-284-gf9362112df (webtiles) character file.

Game seed: 1097152976439331055

121 horus123 the Digger (level 5, -4/35 HPs)
             Began as a Formicid Earth Elementalist on Mar 27, 2022.
             Killed by divine providence
             ... invoked by an orc priest
              (14 damage)
             ... on level 3 of the Dungeon.
             The game lasted 00:04:55 (2776 turns).

horus123 the Digger (Formicid Earth Elementalist)   Turns: 2776, Time: 00:04:56

Health: -4/35      AC:  4    Str: 12    XL:     5   Next: 26%
Magic:  10/11      EV: 12    Int: 17    God:
Gold:   189        SH:  0    Dex: 11    Spells: 8/12 levels left

rFire   . . .      SeeInvis +   n - +0 morningstar (holy)
rCold   . . .      Faith    .   (no shield)
rNeg    + . .      Spirit   .   b - +1 robe
rPois   .          Reflect  .   (helmet unavailable)
rElec   .          Harm     .   (no cloak)
rCorr   .          Rampage  .   (no gloves)
Will    .....                   d - +0 pair of boots
Stlth   +.........              (no amulet)
HPRegen 0.11/turn               c - ring of positive energy
MPRegen 0.12/turn               (no ring)

@: confused
A: permanent stasis, dig shafts and tunnels, antennae 3, four strong arms
a: Dig, Shaft Self


You were on level 3 of the Dungeon.
You visited 1 branch of the dungeon, and saw 3 of its levels.

You collected 189 gold pieces.

Inventory:

Hand Weapons
 f - a +0 whip
 n - a +0 morningstar of holy wrath (weapon)
Missiles
 a - 76 stones
Armour
 b - a +1 robe (worn)
 d - a +0 pair of boots (worn)
Jewellery
 c - a ring of positive energy (left hand)
 j - a ring of protection from cold
Scrolls
 h - a scroll of summoning {unknown}
 k - 2 scrolls of identify {unknown}
 m - a scroll of immolation {unknown}
 p - a scroll of noise {unknown}
Potions
 e - a potion of might {unknown}
 g - 4 potions of heal wounds {unknown}
 i - a potion of magic
 l - a potion of resistance {unknown}
 o - a potion of degeneration {unknown}
 q - a potion of lignification {unknown}


   Skills:
 - Level 1.7 Dodging
 - Level 2.4 Stealth
 - Level 4.0 Spellcasting
 - Level 1.1 Transmutations
 + Level 5.3 Earth Magic


You had 8 spell levels left.
You knew the following spells:

 Your Spells              Type           Power      Damage    Failure   Level
a - Sandblast             Erth           42%        2d11      1%          1
b - Stone Arrow           Conj/Erth      24%        3d8       16%         3

Your spell library contained the following spells:

 Spells                   Type           Power      Damage    Failure   Level
 Passwall                 Tmut/Erth      11%        N/A       6%          2
 Freeze                   Ice            12%        1d4       16%         1
 Petrify                  Tmut/Erth      14%        N/A       38%         4
 Frozen Ramparts          Ice            6%         1d2       43%         3
 Hailstorm                Conj/Ice       3%         3d3       83%         4


Dungeon Overview and Level Annotations

Branches:
Dungeon (3/15)

Altars:

Annotations:
D:2 1 runed translucent door, Crazy Yiuf


Innate Abilities, Weirdness & Mutations

You cannot be hasted, slowed, berserked, paralysed or teleported.
You can dig through walls and to a lower floor.
You have a pair of large antennae on your head. (SInv)
Your four strong arms can wield two-handed weapons with a shield.


Message History

You can't see any susceptible monsters within range! (Use Z to cast anyway.)
The frilled lizard bites you.
The blast of sand hits the frilled lizard!
You kill the frilled lizard!
An orc comes into view. It is wielding a +0 club.
An orc is nearby!
The orc shouts!
You hear a shout! x3
An orc priest comes into view. It is wielding a +0 whip.
You hear a shout!
You see here a frilled lizard corpse.
A kobold comes into view. It is wielding a +0 short sword.
The kobold shouts!
You hear a shout!
A frilled lizard comes into view.
An orc wizard comes into view. It is wielding a +0 dagger.
An orc comes into view. It is wielding a +0 hand axe.
The kobold moves out of view.
The blast of sand hits the orc!!
You kill the orc!
The orc priest shouts!
You hear a shout!
The orc priest invokes the aid of Beogh against you.
Beogh smites you!
An orc priest comes into view. It is wielding a +0 club.
You can't see any susceptible monsters within range! (Use Z to cast anyway.)
An orc comes into view. It is wielding a +0 hand axe.
The orc wizard gestures at you while chanting.
You are confused.
An orc comes into view. It is wielding a +0 war axe.
The orc moves out of view.
You're too confused to cast spells.
An orc comes into view. It is wielding a +0 club.
You see here a frilled lizard corpse.
The orc priest looks braver for a moment.
You bump into the rock wall.
The orc priest invokes the aid of Beogh against you.
Beogh smites you!
* * * LOW HITPOINT WARNING * * *
You bump into the rock wall.
The orc priest invokes the aid of Beogh against you.
Beogh smites you!
You die...

#. # #.# ##### .. #.#
#.... ##.##.# .... .
...# ..# #
#.##.######..###.# #
#.#......o...oo.o. ##
#..../.@oKo).#{ .###
###>.#######.# {
...#### #..###### ..
{
##....######.#.......
.{.
.####.........#######
{#..
##....#####.........
. ...#### ##..######
.###..######..#
##..............


You could see an orc priest, an orc wizard, 3 orcs and a kobold.

Vanquished Creatures
  4 adders
  5 worms
  2 dart slugs (D:1)
  An orc (D:3)
  6 bats
  7 endoplasms
  3 giant cockroaches (D:2)
  4 goblins (D:1)
  4 hobgoblins (D:1)
  3 jackals (D:1)
  2 quokkas
  13 ball pythons
  7 frilled lizards
  3 kobolds (D:1)
  3 rats
67 creatures vanquished.

Vanquished Creatures (others)
  A plant (D:1)
1 creature vanquished.

Grand Total: 68 creatures vanquished

Notes
Turn   | Place    | Note
-------+----------+-------------------------------------------
     0 | D:1      | horus123 the Formicid Earth Elementalist began the quest
                  | for the Orb.
     0 | D:1      | Reached XP level 1. HP: 13/13 MP: 3/3
   109 | D:1      | Reached XP level 2. HP: 19/19 MP: 2/5
   272 | D:1      | Found a faded altar of an unknown god.
   773 | D:1      | Reached XP level 3. HP: 21/24 MP: 4/7
  1491 | D:2      | Learned a level 3 spell: Stone Arrow
  1631 | D:2      | Reached XP level 4. HP: 30/30 MP: 5/10
  1740 | D:2      | Reached skill level 4 in Earth Magic
  2152 | D:2      | Found a runed translucent door.
  2153 | D:2      | Noticed Crazy Yiuf
  2364 | D:3      | Reached XP level 5. HP: 35/35 MP: 6/11
  2366 | D:3      | Reached skill level 5 in Earth Magic
  2776 | D:3      | Killed from afar by an orc priest

Illustrated notes

Levels and vault maps discovered:
D:1:      wander_arrival_fairy_ring, layout_loops_ring,
          hellmonk_ecumenical_altar_dog_temple
D:2:      layout_rooms, minmay_tall_x, uniq_crazy_yiuf_cottage
D:3:      minmay_general_purpose_star, layout_loops_ring, serial_shops,
          nicolae_lakefront_shop, chequers_serial_rivers_micro_b

Skill      XL: |  1  2  3  4  5 |
---------------+----------------+-----
Spellcasting   | 3 4 |  4.0
Earth Magic    | 4 5 |  5.3
Dodging        | |  1.7
Stealth        | |  2.4
Transmutations | |  1.1

Action                   |  1- 3 |  4- 6 || total
-------------------------+-------+-------++-------
Melee: Unarmed           |     1 |       ||     1
       Morningstar       |       |     4 ||     4
 Cast: Sandblast         |    56 |    44 ||   100
  Use: Potion            |     1 |       ||     1
       Scroll            |     2 |       ||     2
Armor: Robe              |    10 |     6 ||    16
Dodge: Dodged            |    23 |    17 ||    40

Table legend: (Time is in decaauts)
 A = Elapsed time spent in this place.
 B = Non-inter-level travel time spent in this place.
 C = Inter-level travel time spent in this place.
 D = Time resting spent in this place.
 E = Time spent auto-exploring this place.
 F = Levels seen in this place.
 G = Mean time per level.
                   A        B        C        D        E       F      G
               +--------+--------+--------+--------+--------+-----+--------+
         Total |   2776 |   2712 |     64 |    491 |   1787 |   3 |  925.3 |
       Dungeon |   2776 |   2712 |     64 |    491 |   1787 |   3 |  925.3 |
               +--------+--------+--------+--------+--------+-----+--------+

Top non-repeatable levels by time:
     D:1: 1402 daAuts
     D:2: 914 daAuts
     D:3: 459 daAuts
